 Dungeon Crawl Stone Soup version 0.29.0-11-gd7f09526c8 (webtiles) character file.

Game seed: 4505761871174374385

1862 raistware the Conjurer (level 9, 0/54 HPs)
             Began as an Octopode Conjurer on Sept 2, 2022.
             Slain by an ice beast (9 damage)
             ... on level 7 of the Dungeon.
             The game lasted 00:16:28 (8988 turns).

raistware the Conjurer (Octopode Conjurer)          Turns: 8988, Time: 00:16:28

Health: 0/54       AC:  1    Str:  6    XL:     9   Next: 13%
Magic:  2/19       EV: 14    Int: 27    God:
Gold:   469        SH:  0    Dex: 11    Spells: 17/22 levels left

rFire   + . .      SeeInvis .   h - +9 war axe "Piytsame" {speed, +Blink rF+ Int+3}
rCold   . . .      Faith    .   (no shield)
rNeg    . . .      Spirit   .   (helmet restricted)
rPois   +          Reflect  .   (no amulet)
rElec   .          Harm     .   i - ring of poison resistance
rCorr   .          Rampage  .   b - ring of wizardry
Will    .....                   (no ring)
Stlth   +++.......              (no ring)
HPRegen 0.18/turn               (no ring)
MPRegen 0.16/turn               (no ring)
                                (no ring)
                                (no ring)

@: no status effects
A: almost no armour, amphibious, 8 rings, camouflage 1, gelatinous body 1,
(nimble swimmer 1), tentacles
a: Evoke Blink


You were on level 7 of the Dungeon.
You visited 2 branches of the dungeon, and saw 10 of its levels.

You collected 469 gold pieces.

Inventory:

Hand Weapons
 h - the +9 war axe "Piytsame" (weapon) {speed, +Blink rF+ Int+3}
   (You found it on level 2 of the Dungeon)

   Attacks with this weapon are significantly faster.
   Int:       It affects your intelligence (+3).
   rF:        It protects you from fire.
   +Blink:    It lets you blink.
Magical Staves
 r - a staff of poison
Jewellery
 b - a ring of wizardry (right tentacle)
 i - a ring of poison resistance (left tentacle)
Wands
 o - a wand of iceblast (9)
 p - a wand of flame (10)
Scrolls
 c - 3 scrolls of enchant weapon
 f - 2 scrolls of fear
 j - 2 scrolls of teleportation
 k - 2 scrolls of vulnerability
 q - a scroll of fog
 t - a scroll of enchant armour
 u - a scroll of summoning
 v - a scroll of poison
Potions
 a - 3 potions of magic
 d - 2 potions of resistance
 e - 6 potions of flight
 g - 3 potions of heal wounds {unknown}
 l - 3 potions of cancellation
 m - 2 potions of ambrosia {unknown}
 n - a potion of attraction {unknown}
 s - 3 potions of lignification


   Skills:
 - Level 2.0 Fighting
 - Level 2.0 Axes
 - Level 4.0 Dodging
 - Level 3.0 Stealth
 + Level 7.3 Spellcasting
 + Level 7.5 Conjurations
 - Level 2.0 Translocations
 - Level 2.0 Evocations


You had 17 spell levels left.
You knew the following spells:

 Your Spells              Type           Power      Damage    Failure   Level
a - Magic Dart            Conj           100%       1d8       1%          1
b - Iskenderun's Mystic   Conj/Tloc      35%        2d8       3%          4

Your spell library contained the following spells:

 Spells                   Type           Power      Damage    Failure   Level
 Searing Ray              Conj           100%       2d8       1%          2
 Dazzling Flash           Conj/Hex       60%        N/A       1%          3
 Fulminant Prism          Conj/Hex       15%        3d11      4%          4


Dungeon Overview and Level Annotations

Branches:
Dungeon (9/15)             Temple (1/1) D:4
   Lair: D:8-11         Orc: D:9-12

Altars:
Ashenzari
Cheibriados
Elyvilon
Fedhas
Gozag
Hepliaklqana
Kikubaaqudgha
Makhleb
Nemelex Xobeh
Okawaru
Qazlal
Ru
Sif Muna
Trog
Uskayaw
Wu Jian
Xom
Yredelemnul
Zin
The Shining One

Shops:
D:7 (


Innate Abilities, Weirdness & Mutations

You cannot wear most types of armour.
You are amphibious.
You can wear up to eight rings at the same time.
Your skin changes colour to match your surroundings (Stealth+).
Your rubbery body absorbs attacks. (AC +1, EV +1)
((You are camouflaged when in or above water. (Stealth+)))
You have tentacles for arms and can constrict up to eight enemies at once.


Message History

The magic dart hits the ice beast.
The ice beast is moderately wounded.
The magic dart hits the ice beast but does no damage.
The ice beast is moderately wounded.
Casting: Magic Dart (safe; 1% risk of failure)
Confirm with . or Enter, or press ? or * to list all spells.
You erupt in a blast of force!
The mystic blast hits the ice beast but does no damage.
The ice beast is moderately wounded.
The ice beast misses you.
Casting: Iskenderun's Mystic Blast (dangerous; 3% risk of failure)
Confirm with . or Enter, or press ? or * to list all spells.
You erupt in a blast of force!
The mystic blast hits the ice beast!
The ice beast is severely wounded.
The ice beast closely misses you.
Casting: Iskenderun's Mystic Blast (dangerous; 3% risk of failure)
Confirm with . or Enter, or press ? or * to list all spells.
You erupt in a blast of force!
The mystic blast hits the ice beast but does no damage.
The ice beast is severely wounded.
The ice beast hits you. The ice beast freezes you!
Casting: Iskenderun's Mystic Blast (dangerous; 3% risk of failure)
Confirm with . or Enter, or press ? or * to list all spells.
You don't have enough magic to cast this spell.
You are too injured to fight recklessly!
You hit the ice beast but do no damage. Your squeeze misses the ice beast.
The ice beast is severely wounded.
The ice beast barely misses you.
You hit the ice beast.
You tentacle-slap the ice beast, but do no damage.
Your squeeze misses the ice beast.
The ice beast is severely wounded.
The ice beast hits you. The ice beast freezes you!
* * * LOW HITPOINT WARNING * * *
You barely miss the ice beast. You squeeze the ice beast.
The ice beast is severely wounded.
The ice beast hits you.
* * * LOW HITPOINT WARNING * * *
The ice beast freezes you!
You die...

#.# #......###.
#.# #.......##.
#.# #.......##.
#.# #..........
#.# ####.......
#.# ######## #.#
##### #
#.#.......#######
#@Y....##......<#
###.##.##..####.#
.# .....##.## #
#...... ####...
.....<#. #######.
##


You could see an ice beast.

Vanquished Creatures
  Sigmund (D:3)
  A water moccasin (D:5)
  2 black bears (D:6)
  An orc warrior (D:9)
  2 bullfrogs (D:6)
  2 necrophages
  4 scorpions
  3 wights (D:7)
  4 hounds
  4 orc priests
  Terence (D:2)
  3 iguanas
  An orc wizard (D:9)
  7 gnolls
  12 adders
  A shadow imp (D:5)
  3 ufetubi
  4 worms (D:3)
  3 dart slugs
  24 orcs
  4 endoplasms
  6 giant cockroaches
  8 goblins
  5 hobgoblins
  8 jackals
  A quokka (D:3)
  7 ball pythons
  4 bats
  2 frilled lizards
  6 kobolds
  A spectral kobold (D:1)
135 creatures vanquished.

Vanquished Creatures (others)
  A butterfly (D:4)
1 creature vanquished.

Grand Total: 136 creatures vanquished

Notes
Turn   | Place    | Note
-------+----------+-------------------------------------------
     0 | D:1      | raistware the Octopode Conjurer began the quest for the
                  | Orb.
     0 | D:1      | Reached XP level 1. HP: 11/11 MP: 3/3
   310 | D:1      | Reached XP level 2. HP: 17/17 MP: 3/5
   842 | D:1      | Found a faded altar of an unknown god.
  1071 | D:2      | Reached XP level 3. HP: 17/21 MP: 2/7
  1221 | D:2      | Noticed Terence
  1516 | D:2      | Identified the +9 war axe "Piytsame" {speed, +Blink rF+
                  | Int+3}
  1662 | D:2      | Killed Terence
  1663 | D:2      | Reached XP level 4. HP: 5/27 MP: 8/10
  2152 | D:2      | Learned a level 4 spell: Iskenderun's Mystic Blast
  2341 | D:3      | Noticed Sigmund
  2440 | D:3      | Noticed Ijyb
  2482 | D:3      | Reached XP level 5. HP: 19/31 MP: 7/11
  2640 | D:3      | Reached skill level 1 in Translocations
  3575 | D:4      | Found a white marble altar of Elyvilon.
  3827 | D:4      | Reached skill level 1 in Axes
  4112 | D:4      | Found a stormy altar of Qazlal.
  4119 | D:4      | Reached XP level 6. HP: 36/36 MP: 7/12
  4239 | D:4      | Found a staircase to the Ecumenical Temple.
  4249 | Temple   | Entered the Ecumenical Temple
  4885 | D:5      | Entered Level 5 of the Dungeon
  4979 | D:5      | Found a blossoming altar of Fedhas.
  5476 | D:5      | Noticed a water moccasin
  5481 | D:5      | Killed a water moccasin
  5482 | D:5      | Reached skill level 5 in Spellcasting
  5482 | D:5      | Reached skill level 5 in Conjurations
  5596 | D:5      | Reached skill level 1 in Evocations
  5596 | D:5      | Reached XP level 7. HP: 42/42 MP: 8/14
  5818 | D:5      | Reached skill level 1 in Fighting
  7302 | D:6      | Reached XP level 8. HP: 27/48 MP: 8/16
  7676 | D:3      | Killed Sigmund
  7835 | D:7      | Found a glowing golden altar of the Shining One.
  7991 | D:7      | You fall into a shaft and drop 2 floors!
  8438 | D:9      | Found a hide-covered altar of Uskayaw.
  8469 | D:9      | Noticed a yak
  8469 | D:9      | Noticed a yak
  8469 | D:9      | Noticed a yak
  8470 | D:9      | Noticed a yak
  8496 | D:9      | Identified the +2 scale mail of the Vestibule of Hell {rF+}
  8602 | D:7      | Found an ancient bone altar of Kikubaaqudgha.
  8611 | D:7      | Reached XP level 9. HP: 54/54 MP: 19/19
  8900 | D:7      | Found Benkih's Antique Weapon Emporium.
  8988 | D:7      | Slain by an ice beast

Illustrated notes

Levels and vault maps discovered:
D:1:      wheals_arrival_shading, layout_basic,
          dreamdust_ecumenical_altar_drowned_temple, dk_noncrumbling_4
D:2:      layout_basic, uniq_terence
D:3:      layout_basic, nicolae_wormholes, uniq_ijyb, uniq_sigmund
D:4:      layout_loops_cross, nicolae_elyvilon_peaceful_grove,
          kennysheep_mini_moat, minmay_temple_entry_large_hall
D:5:      layout_basic, fedhas_ov_isle_minmay
D:6:      layout_layer_cave, amcnicky_mini_rare_corridor_liquid,
          amethyst_killhole, minivault_23, minmay_joined_circles
D:7:      layout_loops_cross, nicolae_kikubaaqudgha_miasma_corner,
          tso_metal_star, enter_bailey_4, serial_shops, kennysheep_mini,
          uniq_menkaure
D:8:      layout_basic, nicolae_vehumet_radiance, gammafunk_ghost_necromancy,
          nicolae_specific_store
D:9:      layout_basic, grunt_dithmenos_shadows, nicolae_uskayaw_dance_hall
Temple:   nicolae_temple_bog_church

Skill      XL: |  1  2  3  4  5  6  7  8 |
---------------+-------------------------+-----
Spellcasting   | 3 4 5 7 |  7.3
Translocations | 1 2 |  2.0
Axes           | 1 2 |  2.0
Conjurations   | 5 7 |  7.5
Evocations     | 1 2 |  2.0
Fighting       | 1 2 |  2.0
Dodging        | 3 4 |  4.0
Stealth        | 3 |  3.0

Action                   |  1- 3 |  4- 6 |  7- 9 || total
-------------------------+-------+-------+-------++-------
Melee: Unarmed           |    35 |       |       ||    35
       Constrict         |    11 |    15 |    16 ||    42
       Tentacles         |    11 |    12 |    17 ||    40
       Punch             |     3 |       |     1 ||     4
       War axe           |     3 |    63 |    70 ||   136
 Cast: Magic Dart        |    39 |    74 |    75 ||   188
       Iskenderun's Myst |       |       |    12 ||    12
Evoke: Wand              |       |       |     6 ||     6
  Use: Scroll            |       |       |    12 ||    12
 Stab: Sleeping          |     3 |    11 |     1 ||    15
Armor: Skin              |     3 |     4 |     6 ||    13
Dodge: Dodged            |    24 |    32 |    60 ||   116
